 Dungeon Crawl Stone Soup version 0.14-a0-2071-g7172c92 (webtiles) character file.

806 Egon the Skirmisher (level 7, 90/93 HPs)
             Began as a Mottled Draconian Berserker on Jan 23, 2014.
             Was an Elder of Trog.
             Quit the game on Level 6 of the Dungeon on Jan 24, 2014.
             The game lasted 00:08:35 (3495 turns).

Egon the Skirmisher (Mottled Draconian Berserker)   Turns: 3495, Time: 00:08:36

HP  90/93        AC  8     Str 24      XL: 7   Next: 11%
MP   7/7         EV 14     Int  7      God: Trog [****..]
Gold 237         SH  0     Dex 13      Spells:  0 memorised,  6 levels left

rFire  . . .     SeeInvis .     a - +0 hand axe
rCold  + . .     Clarity  .     (armour unavailable)
rNeg   . . .     Conserve .     (no shield)
rPois  .         rCorr    .     (helmet restricted)
rElec  .         rRot     .     h - +1 dwarf cloak
SustAb . .       Spirit   .     (no gloves)
rMut   .         Warding  .     (no boots)
Saprov . . .     Stasis   .     (no amulet)
MR     .....                    v - ring of protection from cold {unknown}
                                s - +4,+3 ring of slaying {unknown}

@: berserking, very quick, not resistant to hostile enchantments, extremely
unstealthy
A: breathe sticky flames, unfitting armour, AC +6
a: Breathe Sticky Flame, Burn Spellbooks, Berserk, Trog's Hand, Brothers in
Arms, Renounce Religion


You were on level 6 of the Dungeon.
You worshipped Trog.
Trog was greatly pleased with you.
You were hungry.

You visited 1 branch of the dungeon, and saw 6 of its levels.

You collected 237 gold pieces.

Inventory:

Hand weapons
 a - a +0,+0 hand axe (weapon)
Armour
 h - a +1 dwarven cloak (worn)
Comestibles
 c - 6 bread rations
 i - a choko
 l - 2 meat rations
Scrolls
 d - 10 scrolls of identify {unknown}
 e - 2 scrolls of random uselessness {unknown}
 f - a scroll of curse armour {unknown}
 j - a scroll of curse weapon {unknown}
 m - 2 scrolls of immolation {unknown}
 q - a scroll of teleportation {unknown}
 r - 2 scrolls of enchant weapon I {unknown}
 t - 5 scrolls of remove curse {unknown}
 y - a scroll of enchant weapon II {unknown}
 C - a scroll of magic mapping {unknown}
Jewellery
 b - a +3 ring of intelligence
 s - a +4,+3 ring of slaying (left hand) {unknown}
 u - a +4 ring of dexterity {unknown}
 v - a ring of protection from cold (right hand) {unknown}
Potions
 g - a potion of restore abilities {unknown}
 k - a potion of cure mutation {unknown}
 o - 2 potions of heal wounds {unknown}
 p - a potion of curing {unknown}
 w - a potion of magic {unknown}
 x - a potion of invisibility {unknown}
 z - 2 potions of brilliance {unknown}
 A - a potion of paralysis {unknown}
 B - a potion of poison {unknown}
Miscellaneous
 n - a plain deck of summonings


   Skills:
 + Level 5.9 Fighting
 + Level 5.4 Axes
 + Level 4.6 Dodging


You had 6 spell levels left.
You didn't know any spells.

Dungeon Overview and Level Annotations

Branches:
Dungeon (6/16)             Temple (0/1) D:5

Altars:
Dithmengos
Nemelex Xobeh
the Shining One

Shops:
D:4 (


Message History

You closely miss the orc wizard. You tail-slap the orc wizard.
The orc wizard is moderately wounded.
The orc wizard hits you but does no damage.
You hit the orc wizard.
The orc wizard is heavily wounded.
The orc wizard hits you but does no damage.
You slash the orc wizard!
You kill the orc wizard!
Trog accepts your kill.
Trog appreciates your killing of a magic user.
You have reached level 7!
Your scales start taking on a weird mottled pattern.
You slash the orc wizard! You tail-slap the orc wizard.
You kill the orc wizard!
Trog accepts your kill.
Trog appreciates your killing of a magic user.
No target in view!
No target in view!
No target in view!
Are you sure you want to abandon this character and quit the game? (Confirm with "yes".)

#+# #.# #.# #)#
##@######
...###.))....#
#...........#####
#####...<........
#.......#####
#####.### .# .#
##


There were no monsters in sight!

Vanquished Creatures
  A phantom (D:4)
  A giant frog zombie (D:5)
  2 orc priests
  2 hounds (D:4)
  An iguana (D:4)
  3 orc wizards
  A worker ant (D:5)
  3 gnolls (D:4)
  7 adders
  A giant mite (D:5)
  3 worms
  An ooze (D:5)
  8 orcs
  3 giant cockroaches
  7 goblins
  6 hobgoblins
  3 jackals (D:3)
  7 kobolds
  12 bats
  A giant gecko (D:6)
  4 giant newts
  2 hobgoblin skeletons
  11 rats
90 creatures vanquished.

Notes
Turn   | Place    | Note
--------------------------------------------------------------
     0 | D:1      | Egon, the Draconian Berserker, began the quest for the Orb.
     0 | D:1      | Reached XP level 1. HP: 19/19 MP: 1/1
   316 | D:1      | Reached XP level 2. HP: 24/26 MP: 2/2
   387 | D:1      | Acquired Trog's second power
   723 | D:2      | Found a sparkling altar of Nemelex Xobeh.
   748 | D:2      | Reached XP level 3. HP: 31/33 MP: 3/3
  1021 | D:2      | Reached skill level 4 in Fighting
  1288 | D:2      | Reached XP level 4. HP: 37/40 MP: 4/4
  1845 | D:3      | Reached XP level 5. HP: 47/47 MP: 5/5
  2103 | D:4      | Found Stuuqaq's Weapon Shop.
  2281 | D:4      | Reached skill level 5 in Fighting
  2286 | D:4      | Reached XP level 6. HP: 32/56 MP: 6/6
  2457 | D:4      | Noticed a phantom
  2487 | D:4      | Killed a phantom
  2618 | D:4      | Found a shadowy altar of Dithmengos.
  2841 | D:4      | Reached skill level 5 in Axes
  2949 | D:5      | Entered Level 5 of the Dungeon
  2955 | D:5      | Acquired Trog's third power
  2973 | D:5      | Found a glowing golden altar of the Shining One.
  2994 | D:5      | Found a staircase to the Ecumenical Temple.
  3493 | D:6      | Your scales start taking on a weird mottled pattern.
  3493 | D:6      | Reached XP level 7. HP: 62/62 MP: 7/7
  3495 | D:6      | Quit the game

Action                   |  1- 3 |  4- 6 |  7- 9 || total
-------------------------+-------+-------+-------++-------
Melee: Hand axe          |   133 |   152 |     1 ||   286
Invok: Berserk           |       |     2 |       ||     2
